 Dungeon Crawl Stone Soup version 0.22.1-6-g1668fe2 (webtiles) character file.

278 llanowor the Covered (level 6, -2/48 HPs)
             Began as a Human Fighter on Nov 9, 2018.
             Killed from afar by Natasha (5 damage)
             ... with a magic dart
             ... on level 3 of the Dungeon on Jan 23, 2019.
             The game lasted 00:13:28 (3396 turns).

llanowor the Covered (Human Fighter)                Turns: 3396, Time: 00:13:29

Health: -2/48      AC:  9    Str: 17 (18) XL:     6   Next: 51%
Magic:  6/6        EV:  5    Int:  5 (8)  God:
Gold:   225        SH:  9    Dex: 10 (13) Spells: 5/5 levels left

rFire    . . .     SeeInvis .   g - +2 short sword (protect)
rCold    . . .     Gourm    .   c - +0 shield
rNeg     . . .     Faith    .   j - +0 chain mail
rPois    .         Spirit   .   (no helmet)
rElec    .         Reflect  .   (no cloak)
rCorr    .         Harm     .   (no gloves)
MR       .....                  (no boots)
Stlth    ..........             (no amulet)
HPRegen  0.16/turn              (no ring)
MPRegen  0.10/turn              (no ring)

@: slowed, very slow
A: no striking features
a: no special abilities


You were on level 3 of the Dungeon.
You were not hungry.

You visited 1 branch of the dungeon, and saw 4 of its levels.

You collected 225 gold pieces.

Inventory:

Hand Weapons
 a - a +0 long sword
 g - a +2 short sword of protection (weapon)
Armour
 c - a +0 shield (worn)
 j - a +0 chain mail (worn)
 k - a +0 leather armour
Scrolls
 b - a scroll of enchant weapon {unknown}
 d - a scroll of teleportation {unknown}
 e - a scroll of identify
 i - a scroll of amnesia
 l - 2 scrolls of remove curse
Potions
 h - a potion of cancellation
 n - a potion of lignification
Comestibles
 f - 7 rations


   Skills:
 + Level 3.7 Fighting
 + Level 4.2 Long Blades
 + Level 4.3 Armour
 + Level 1.2 Dodging
 + Level 3.7 Shields


You had 5 spell levels left.
You didn't know any spells.
Your spell library was empty.

Dungeon Overview and Level Annotations

Branches:
Dungeon (4/15)
 Temple: D:4-7

Altars:
Fedhas
Wu Jian

Annotations:
D:3 Natasha


Message History

You can't go up here!
Natasha claws you.
* * * LOW HITPOINT WARNING * * *
You climb downwards.
The orc hits you but does no damage.
There is a stone staircase leading up here.
Natasha mumbles some strange words.
The orc hits you but does no damage. Natasha barely misses you.
You climb upwards.
The crimson imp disappears in a puff of smoke!
There is a stone staircase leading down here.
Natasha stares at you and mumbles some strange words.
You resist with some effort. You block Natasha's attack.
Natasha wildly gestures.
Natasha's front paws start to glow.
Natasha claws you.
* * * LOW HITPOINT WARNING * * *
Natasha casts a spell at you. The magic dart hits you!
You die...

##............##.## #.##.##.#
.......######.##.######.##.##.#
##.##### #...........##.##.#
##.###### ##....#########.##)###
........# #>###.# #.......
....###.# #.# #.# ####....
#.#.###.# #.###.# #.###
.###....#####...########### #.###
#(#.##..##....h.@.........# #....
....##..##.###.##########.###.###
.......÷##.# #.# #.....#.###
.)#####.##.# #.# #.###...... ..#
#....# #.# #.# #...... ..# ######
#.# #<###...##. ..# #.#
#.......##. ..##### #.#
##...#..##> ......########.#
####...#.÷##.


You could see Natasha.

Vanquished Creatures
  An orc priest (D:3)
  An orc wizard (D:3)
  3 iguanas
  Natasha (twice) (D:3)
  2 adders (D:3)
  A worm (D:2)
  2 dart slugs (D:1)
  2 leopard geckos
  12 orcs
  5 bats
  2 giant cockroaches
  5 goblins
  10 hobgoblins
  2 jackals (D:2)
  4 kobolds
  2 ball pythons
  A frilled lizard (D:4)
  6 rats
63 creatures vanquished.

Notes
Turn   | Place    | Note
-------+----------+-------------------------------------------
     0 | D:1      | llanowor the Human Fighter began the quest for the Orb.
     0 | D:1      | Reached XP level 1. HP: 18/18 MP: 1/1
   263 | D:1      | Reached XP level 2. HP: 24/24 MP: 2/2
   714 | D:1      | Reached XP level 3. HP: 29/29 MP: 3/3
  1046 | D:2      | Reached XP level 4. HP: 24/35 MP: 4/4
  1291 | D:2      | Found an ornate altar of the Wu Jian Council.
  1711 | D:3      | Reached skill level 1 in Dodging
  1919 | D:3      | Reached XP level 5. HP: 20/41 MP: 5/5
  2373 | D:3      | Upgraded the game from 0.22.1-1-ga44c0e5 to
                  | 0.22.1-6-g1668fe2
  2491 | D:3      | Found a blossoming altar of Fedhas.
  2513 | D:3      | Noticed Natasha
  2519 | D:3      | Killed Natasha
  2624 | D:3      | Noticed Natasha
  2642 | D:3      | Killed Natasha
  2642 | D:3      | Reached XP level 6. HP: 29/47 MP: 6/6
  3370 | D:3      | Noticed Natasha
  3396 | D:3      | Killed from afar by Natasha

Skill      XL: |  1  2  3  4  5 |
---------------+----------------+-----
Long Blades    | 3 4 |  4.2
Dodging        | 1 |  1.2
Armour         | 4 |  4.3
Fighting       | |  3.7
Shields        | |  3.7

Action                   |  1- 3 |  4- 6 || total
-------------------------+-------+-------++-------
Melee: Long sword        |    85 |   174 ||   259
       Short sword       |       |    12 ||    12
  Use: Scroll            |     3 |     3 ||     6
       Potion            |     1 |     2 ||     3
  Eat: Chunk             |       |     8 ||     8
Armor: Scale mail        |    46 |    46 ||    92
       Chain mail        |       |    52 ||    52
Dodge: Dodged            |    20 |    40 ||    60
Block: Shield            |    38 |    70 ||   108
       Rpst.: Long sword |     3 |    16 ||    19
